 Seeded DCSS version 0.29-a0-2-g12fcac58f8 (webtiles) character file.

Game seed: 20220126 (custom seed)

77 muata the Skirmisher (level 4, -7/42 HPs)
             Began as a Minotaur Berserker on Jan 26, 2022.
             Was a Believer of Trog.
             Mangled by Natasha (9 damage)
             ... on level 2 of the Dungeon.
             The game lasted 00:02:38 (1319 turns).

muata the Skirmisher (Minotaur Berserker)           Turns: 1319, Time: 00:02:38

Health: -7/42      AC:  2    Str: 23    XL:     4   Next: 14%
Magic:  3/3        EV: 12    Int:  4    God:    Trog [**....]
Gold:   109        SH:  5    Dex: 10    Spells: 3/3 levels left

rFire   . . .      SeeInvis .   a - +0 hand axe
rCold   . . .      Faith    .   (no shield)
rNeg    . . .      Spirit   .   b - +0 animal skin
rPois   .          Reflect  +   (helmet restricted)
rElec   .          Harm     .   (no cloak)
rCorr   .          Rampage  .   (no gloves)
Will    .....                   (no boots)
Stlth   +.........              c - amulet of reflection
HPRegen 0.14/turn               (no ring)
MPRegen 0.08/turn               (no ring)

@: slowed, very slow
A: horns 2, retaliatory headbutt
a: Renounce Religion, Berserk, Trog's Hand


You were on level 2 of the Dungeon.
You worshipped Trog.
Trog was pleased with you.
You visited 1 branch of the dungeon, and saw 2 of its levels.

You collected 109 gold pieces.

Inventory:

Hand Weapons
 a - a +0 hand axe (weapon)
 d - a +0 dagger
Armour
 b - a +0 animal skin (worn)
Jewellery
 c - an amulet of reflection (around neck)
Scrolls
 f - a scroll of blinking {unknown}
 g - a scroll of identify {unknown}
Potions
 e - 2 potions of attraction {unknown}
 h - a potion of heal wounds {unknown}


   Skills:
 + Level 5.0 Fighting
 + Level 4.9 Axes
 - Level 2.4 Armour
 - Level 2.2 Dodging


You had 3 spell levels left.
You didn't know any spells.
Your spell library was empty.

Dungeon Overview and Level Annotations

Branches:
Dungeon (2/15)

Altars:

Annotations:
D:2 Natasha


Innate Abilities, Weirdness & Mutations

You have a pair of horns on your head.
You reflexively headbutt those who attack you in melee.


Message History

You feel yourself slow down.
You feel yourself speed up.
Natasha, Servant of Life and Death comes into view.
You hit Natasha but do no damage. Your headbutt misses Natasha.
You recover from your berserk rage.
Natasha claws you.
You closely miss Natasha. Natasha claws you!
You hit Natasha.
Natasha is moderately wounded.
Natasha misses you.
You barely miss Natasha.
Natasha is moderately wounded.
Natasha stares at you and mumbles some strange words.
You feel yourself slow down.
You closely miss Natasha. Your punch misses Natasha.
Natasha is moderately wounded.
Natasha casts a spell at you. The magic dart hits you.
Natasha stares at you and mumbles some strange words.
You feel as though you will be slow longer.
You hit Natasha.
Natasha is severely wounded.
You block Natasha's attack.
You barely miss Natasha. Your headbutt misses Natasha.
Natasha is severely wounded.
You block Natasha's attack.
Natasha stares at you and mumbles some strange words.
The magic dart hits you!
* * * LOW HITPOINT WARNING * * *
You barely miss Natasha.
Natasha is severely wounded.
Natasha barely misses you.
You hit Natasha.
Natasha is almost dead.
You block Natasha's attack. Natasha claws you.
* * * LOW HITPOINT WARNING * * *
You closely miss Natasha. Your punch misses Natasha.
Natasha is almost dead.
Natasha claws you!
You die...

#..# .. #. #..# ..
##.
######..#####.#.
##.. .............
.. ... #......##.#
#. ##..
###......##.# #.
... #.....†.....#
#. #h##......†.##.#
#.
#.@.........##.###.
#.##.....###.......
#. #.....# #.#.###.
#. ###..## #.#.###.
#. ...#.. ........
## ##..######.##.#
.........##.# ##
#.....
..######.##..


You could see Natasha.

Vanquished Creatures
  Natasha (D:2)
  2 adders (D:2)
  A dart slug (D:2)
  2 endoplasms (D:2)
  2 giant cockroaches
  3 goblins (D:1)
  3 hobgoblins (D:1)
  7 kobolds
  4 ball pythons (D:1)
  A bat (D:1)
  4 frilled lizards
  3 rats (D:1)
33 creatures vanquished.

Notes
Turn   | Place    | Note
-------+----------+-------------------------------------------
     0 | D:1      | muata the Minotaur Berserker began the quest for the Orb.
     0 | D:1      | Reached XP level 1. HP: 19/19 MP: 0/0
    96 | D:1      | Reached skill level 4 in Fighting
    96 | D:1      | Reached XP level 2. HP: 27/27 MP: 1/1
   427 | D:1      | Reached ** piety under Trog
   778 | D:2      | Reached XP level 3. HP: 14/34 MP: 2/2
  1270 | D:2      | Noticed Natasha
  1277 | D:2      | Killed Natasha
  1278 | D:2      | Reached skill level 5 in Fighting
  1278 | D:2      | Reached XP level 4. HP: 33/42 MP: 3/3
  1308 | D:2      | Noticed Natasha
  1318 | D:2      | HP: 2/42 [Natasha (4)]
  1319 | D:2      | Mangled by Natasha

Illustrated notes

Levels and vault maps discovered:
D:1:      wander_arrival_desolate, layout_basic, minmay_misc_feat_secret_circle
D:2:      layout_loops_ring, chequers_ecumenical_altar_simple_redux,
          uniq_natasha

Skill      XL: |  1  2  3 |
---------------+----------+-----
Fighting       | 4 5 |  5.0
Axes           | 4 |  4.9
Armour         | |  2.4
Dodging        | |  2.2

Action                   |  1- 3 |  4- 6 || total
-------------------------+-------+-------++-------
Melee: Hand axe          |    56 |    10 ||    66
       Headbutt          |     4 |       ||     4
Invok: Berserk           |     1 |       ||     1
 Stab: Sleeping          |     1 |       ||     1
Armor: Animal skin       |    11 |       ||    11
Dodge: Dodged            |    26 |     2 ||    28
Block: Other             |    12 |     3 ||    15

Table legend: (Time is in decaauts)
 A = Elapsed time spent in this place.
 B = Non-inter-level travel time spent in this place.
 C = Inter-level travel time spent in this place.
 D = Time resting spent in this place.
 E = Time spent auto-exploring this place.
 F = Levels seen in this place.
 G = Mean time per level.
                   A        B        C        D        E       F      G
               +--------+--------+--------+--------+--------+-----+--------+
         Total |   1334 |   1288 |     46 |    235 |    829 |   2 |  667.0 |
       Dungeon |   1334 |   1288 |     46 |    235 |    829 |   2 |  667.0 |
               +--------+--------+--------+--------+--------+-----+--------+

Top non-repeatable levels by time:
     D:2: 753 daAuts
     D:1: 580 daAuts
